 Dungeon Crawl Stone Soup version 0.31-a0-1074-g0b22e4e0f1 (webtiles) character file.

Game seed: 9357044171409994809

54 grandjackal the Trooper (level 3, 0/34 (39) HPs)
             Began as an Ogre Warper on Dec 2, 2023.
             Slain by a gnoll
             ... wielding a +0 spear
              (5 damage)
             ... on level 2 of the Dungeon.
             The game lasted 00:02:43 (1839 turns).

grandjackal the Trooper (Ogre Warper)               Turns: 1839, Time: 00:02:43

HP:   0/34 (39)     AC:  3    Str: 15    XL:     3   Next: 91%
MP:   6/6           EV:  9    Int: 16    God:
Gold: 128           SH:  0    Dex:  8    Spells: 4/6 levels left

rFire   . . .        e - +0 spear (heavy)
rCold   . . .        (no shield)
rNeg    . . .        b - +0 robe
rPois   .            (helmet restricted)
rElec   .            (no cloak)
rCorr   .            (gloves unavailable)
SInv    .            (boots unavailable)
Will    .....        (no amulet)
Stlth   +            (no ring)
HPRegen 0.25/turn    (no ring)
MPRegen 0.10/turn

%: no passive effects
@: heavily drained
A: large, unfitting armour, tough skin 1
a: no special abilities


You were on level 2 of the Dungeon.
You visited 1 branch of the dungeon, and saw 2 of its levels.

You collected 128 gold pieces.

Inventory:

Hand Weapons
 a - a +0 mace
 e - a +0 heavy spear (weapon)
Missiles
 d - 7 darts of dispersal (quivered)
Armour
 b - a +0 robe (worn)
Scrolls
 c - a scroll of blinking
 h - a scroll of vulnerability {unknown}
 k - a scroll of fog {unknown}
 l - a scroll of amnesia {unknown}
Potions
 f - a potion of mutation {unknown}
 g - a potion of lignification {unknown}
 i - 2 potions of ambrosia {unknown}
 j - a potion of invisibility {unknown}


   Skills:
 + Level 3.8 Fighting
 + Level 2.5 Maces & Flails
 - Level 1.0 Throwing
 - Level 2.1 Dodging
 - Level 2.4 Spellcasting
 + Level 3.2 Translocations


You had 4 spell levels left.
You knew the following spells:

 Your Spells              Type           Power      Damage    Failure   Level
a - Blink                 Tloc           24%        N/A       8%          2

Your spell library contained the following spells:

 Spells                   Type           Power      Damage    Failure   Level
 Lesser Beckoning         Tloc           24%        N/A       8%          2
 Teleport Other           Tloc           12%        N/A       16%         3
 Manifold Assault         Tloc           12%        N/A       45%         4
 Vhi's Electric Charge    Tloc/Air       14%        N/A       69%         4


Dungeon Overview and Level Annotations

Branches:
Dungeon (2/15)

Altars:


Innate Abilities, Weirdness & Mutations

You are too large for most types of armour.
You have tough skin. (AC +1)


Message History

The gnoll closely misses you.
You barely miss the gnoll.
The gnoll is heavily wounded.
The gnoll barely misses you.
You hit the gnoll.
The gnoll is heavily wounded.
The gnoll hits you with a +0 whip of draining.
* * * LOW HITPOINT WARNING * * *
You feel drained.
* * * LOW HITPOINT WARNING * * *
The gnoll closely misses you. The gnoll attacks as it pursues you!
The gnoll hits you with a +0 whip of draining.
* * * LOW HITPOINT WARNING * * *
You feel drained.
There is an open door here.
You see here a +0 heavy spear.
e - a +0 heavy spear
e - a +0 heavy spear (weapon)
Your extra speed is starting to run out.
There are no items here.
Reach: e) +0 spear (heavy)
Press: ? - help, Dir - move target, f - gnoll
Aim: a gnoll, wielding a +0 whip of draining (heavily wounded, about 39% to evade your +0 heavy spear)
You reach to attack!
You barely miss the gnoll.
The gnoll is heavily wounded.
Unknown command.
You puncture the gnoll!
You kill the gnoll!
The gnoll misses you.
Things that are here:
a +0 whip of draining; a gnoll corpse The gnoll attacks as it pursues you!
The gnoll hits you with a +0 whip.
* * * LOW HITPOINT WARNING * * *
The gnoll hits you from afar with a +0 spear.
* * * LOW HITPOINT WARNING * * *
You feel yourself slow down. The gnoll attacks as it pursues you!
The gnoll hits you from afar with a +0 spear.
You die...

#............#......#
#...###
#.########.###......#
###...# #.# #......#
###.# #.# #......#
#.## #.##########
#..# #......# ##..
######.# ### ##'#####
#. #######.@....####
#. .................
+. #######gg.......#
######. #.).......#
#.g.gg. #.g.#######
#.####. #...#
######.#.... ###...#
#...gg.#.#.. #.....#
#......# #..
#.....####......# #..


You could see 3 gnolls.

Vanquished Creatures
  2 adders (D:2)
  A gnoll (D:2)
  A worm (D:2)
  A giant cockroach (D:1)
  2 goblins (D:1)
  5 hobgoblins
  A quokka (D:2)
  3 ball pythons (D:1)
  3 bats
  3 kobolds (D:2)
  3 rats (D:1)
25 creatures vanquished.

Notes
Turn   | Place    | Note
-------+----------+-------------------------------------------
     0 | D:1      | grandjackal the Ogre Warper began the quest for the Orb.
     0 | D:1      | Reached XP level 1. HP: 22/22 MP: 3/3
   191 | D:1      | Reached XP level 2. HP: 30/31 MP: 5/5
   830 | D:1      | Learned a level 2 spell: Blink
   905 | D:2      | Reached XP level 3. HP: 17/37 MP: 6/6
  1839 | D:2      | Slain by a gnoll

Illustrated notes

Levels and vault maps discovered:
D:1:      lemuel_arrival_rhombus, layout_basic
D:2:      cheibrodos_helix_gallery, layout_basic, amethyst_killhole

Skill      XL: |  1  2 |
---------------+-------+-----
Fighting       | 3 |  3.8
Maces & Flails | 2 |  2.5
Translocations | 3 |  3.2
Throwing       | |  1.0
Dodging        | |  2.1
Spellcasting   | |  2.4

Action                     || total
---------------------------++-------
  Melee: Mace              ||   105
         Spear             ||     2
    Use: Scroll            ||     1
         Potion            ||     1
 Armour: Robe              ||    97
  Dodge: Dodged            ||    58

Table legend: (Time is in decaauts)
 A = Elapsed time spent in this place.
 B = Non-inter-level travel time spent in this place.
 C = Inter-level travel time spent in this place.
 D = Time resting spent in this place.
 E = Time spent auto-exploring this place.
 F = Levels seen in this place.
 G = Mean time per level.
                   A        B        C        D        E       F      G
               +--------+--------+--------+--------+--------+-----+--------+
         Total |   1860 |   1784 |     76 |    370 |   1098 |   2 |  930.0 |
       Dungeon |   1860 |   1784 |     76 |    370 |   1098 |   2 |  930.0 |
               +--------+--------+--------+--------+--------+-----+--------+

Top non-repeatable levels by time:
     D:2: 935 daAuts
     D:1: 924 daAuts
